TOP OF THE 1ST |
Oakland Athletics batting - Pitching for California Angels : RHP Eric Prevost
|
Pitching: RHP Eric Prevost
|
|
Batting: RHB Willie Randolph
|
0-0: Ball 1-0: Ball 2-0: Ball 3-0: Ground out 4-3 (Groundball, 4, EV 102.5 MPH)
|
Batting: LHB Ruppert Jones
|
0-0: Fly out, F8 (Flyball, 8LM, EV 77.5 MPH)
|
Batting: LHB Ben Oglivie
|
0-0: Called Strike 0-1: Called Strike 0-2: Foul Ball, location: 2F 0-2: Ground out 6-3 (Groundball, 6S, EV 71.3 MPH)
|
Top of the 1st over - 0 runs, 0 hits, 0 errors, 0 left on base; Oakland 0 - California 0 |
BOTTOM OF THE 1ST |
California Angels batting - Pitching for Oakland Athletics : RHP Mitch Byrnes
|
Pitching: RHP Mitch Byrnes
|
|
Batting: SHB Ignacio Medina
|
0-0: Called Strike 0-1: Ball 1-1: Ground out U3 (Groundball, 3, EV 101.9 MPH)
|
Batting: RHB Jeff Atherton
|
0-0: Called Strike 0-1: Ball 1-1: Ball 2-1: Foul Ball, location: 2F 2-2: Fly out, F4 (Flyball, 34D, EV 83.8 MPH)
|
Batting: SHB Jon Hernandez
|
0-0: Ball 1-0: SINGLE (Groundball, 3D, EV 101.3 MPH)
|
Batting: RHB Frank White
|
0-0: Ball 1-0: SINGLE (Groundball, 4S, EV 68.8 MPH) (infield hit) Jon Hernandez to second
|
Batting: RHB Charlie Moore
|
0-0: Fielders Choice at 2nd, 6-4 (Groundball, 6, EV 86.3 MPH)
|
Bottom of the 1st over - 0 runs, 2 hits, 0 errors, 2 left on base; Oakland 0 - California 0 |
TOP OF THE 2ND |
Oakland Athletics batting - Pitching for California Angels : RHP Eric Prevost
|
Batting: RHB George Hendrick
|
0-0: Foul Ball, location: 2F 0-1: Ball 1-1: Ball 2-1: Swinging Strike 2-2: Ball 3-2: Strikes out swinging
|
Batting: LHB Reggie Jackson
|
0-0: Ball 1-0: Swinging Strike 1-1: Ball 2-1: Foul Ball, location: 2F 2-2: Foul Ball, location: 2F 2-2: Foul Ball, location: 2F 2-2: Foul Ball, location: 2F 2-2: Ball 3-2: Strikes out swinging
|
Batting: RHB Willie Darkis
|
0-0: Ball 1-0: Foul Ball, location: 2F 1-1: Fly out, F9 (Line Drive, 9, EV 93.1 MPH)
|
Top of the 2nd over - 0 runs, 0 hits, 0 errors, 0 left on base; Oakland 0 - California 0 |
BOTTOM OF THE 2ND |
California Angels batting - Pitching for Oakland Athletics : RHP Mitch Byrnes
|
Batting: LHB John Milner
|
0-0: Foul Ball, location: 2F 0-1: Ball 1-1: Called Strike 1-2: Ball 2-2: Ground out 6-3 (Groundball, 6M, EV 106.3 MPH)
|
Batting: LHB Brian Rosinski
|
0-0: Foul Ball, location: 2F 0-1: Ball 1-1: Swinging Strike 1-2: Ball 2-2: Fly out, F3 (Popup, 3F, EV 66.9 MPH)
|
Batting: RHB Carlos Pimentel
|
0-0: Called Strike 0-1: Ball 1-1: Ball 2-1: Ground out 5-3 (Groundball, 56, EV 87.5 MPH)
|
Bottom of the 2nd over - 0 runs, 0 hits, 0 errors, 0 left on base; Oakland 0 - California 0 |
TOP OF THE 3RD |
Oakland Athletics batting - Pitching for California Angels : RHP Eric Prevost
|
Batting: RHB Toby Harrah
|
0-0: Swinging Strike 0-1: Swinging Strike 0-2: Foul Ball, location: 2F 0-2: Foul Ball, location: 2F 0-2: Foul Ball, location: 2F 0-2: Ball 1-2: Fly out, F7 (Flyball, 78D, EV 81.9 MPH)
|
Batting: RHB Fred Andrews
|
0-0: Ball 1-0: Ground out 6-3 (Groundball, 6, EV 103.1 MPH)
|
Batting: RHB Barry Foote
|
0-0: Called Strike 0-1: Swinging Strike 0-2: Ground out 5-3 (Groundball, 5, EV 103.1 MPH)
|
Top of the 3rd over - 0 runs, 0 hits, 0 errors, 0 left on base; Oakland 0 - California 0 |
BOTTOM OF THE 3RD |
California Angels batting - Pitching for Oakland Athletics : RHP Mitch Byrnes
|
Batting: RHB Rafael Ramirez
|
0-0: Called Strike 0-1: Ball 1-1: Called Strike 1-2: Foul Ball, location: 2F 1-2: Ball 2-2: Strikes out looking
|
Batting: SHB Ignacio Medina
|
0-0: Swinging Strike 0-1: Ball 1-1: Ground out 4-3 (Groundball, 4, EV 108.1 MPH)
|
Batting: RHB Jeff Atherton
|
0-0: Foul Ball, location: 2F 0-1: Ball 1-1: Ball 2-1: SOLO HOME RUN (Flyball, 7D, EV 97.5 MPH), Distance : 388 ft
|
Batting: SHB Jon Hernandez
|
0-0: Fly out, F7 (Line Drive, 7, EV 88.1 MPH)
|
Bottom of the 3rd over - 1 run, 1 hit, 0 errors, 0 left on base; Oakland 0 - California 1 |
TOP OF THE 4TH |
Oakland Athletics batting - Pitching for California Angels : RHP Eric Prevost
|
Batting: RHB Willie Randolph
|
0-0: Ball 1-0: Foul Ball, location: 2F 1-1: Ball 2-1: Called Strike 2-2: Strikes out looking
|
Batting: LHB Ruppert Jones
|
0-0: Called Strike 0-1: Swinging Strike 0-2: Fly out, F4 (Popup, 4MD, EV 47.5 MPH)
|
Batting: LHB Ben Oglivie
|
0-0: Fly out, F8 (Flyball, 8LM, EV 79.4 MPH)
|
Top of the 4th over - 0 runs, 0 hits, 0 errors, 0 left on base; Oakland 0 - California 1 |
BOTTOM OF THE 4TH |
California Angels batting - Pitching for Oakland Athletics : RHP Mitch Byrnes
|
Batting: RHB Frank White
|
0-0: Called Strike 0-1: Ball 1-1: Fly out, F5 (Popup, 56, EV 74.4 MPH)
|
Batting: RHB Charlie Moore
|
0-0: Called Strike 0-1: Foul Ball, location: 2F 0-2: Ball 1-2: SINGLE (Groundball, 6D, EV 101.9 MPH)
|
Batting: LHB John Milner
|
0-0: Ball 1-0: Foul Ball, location: 2F 1-1: Ball 2-1: Ball 3-1: Fly out, F8 (Flyball, 8LXD, EV 82.5 MPH) Runner from 1st tags up, SAFE at 2nd
|
Batting: LHB Brian Rosinski
|
0-0: Called Strike Charlie Moore is caught stealing 3rd base 2-5
|
Bottom of the 4th over - 0 runs, 1 hit, 0 errors, 0 left on base; Oakland 0 - California 1 |
TOP OF THE 5TH |
Oakland Athletics batting - Pitching for California Angels : RHP Eric Prevost
|
Batting: RHB George Hendrick
|
0-0: Ball 1-0: Called Strike 1-1: Ball 2-1: Swinging Strike 2-2: Ball 3-2: Fly out, F8 (Flyball, 8RS, EV 88.1 MPH)
|
Batting: LHB Reggie Jackson
|
0-0: Ball 1-0: Ball 2-0: Ground out 4-3 (Groundball, 34, EV 106.9 MPH)
|
Batting: RHB Willie Darkis
|
0-0: Called Strike 0-1: Ball 1-1: Called Strike 1-2: Strikes out swinging
|
Top of the 5th over - 0 runs, 0 hits, 0 errors, 0 left on base; Oakland 0 - California 1 |
BOTTOM OF THE 5TH |
California Angels batting - Pitching for Oakland Athletics : RHP Mitch Byrnes
|
Batting: LHB Brian Rosinski
|
0-0: Ball 1-0: Swinging Strike 1-1: Called Strike 1-2: Ball 2-2: Ball 3-2: Ground out 4-3 (Groundball, 4, EV 89.4 MPH)
|
Batting: RHB Carlos Pimentel
|
0-0: Reached on error, E3 (Groundball, 34, EV 84.4 MPH)
|
Batting: RHB Rafael Ramirez
|
0-0: Ball Carlos Pimentel steals 2nd, throwing error, E2 Carlos Pimentel to third 1-0: Foul Ball, location: 2F 1-1: SINGLE (Line Drive, 8RM, EV 87.5 MPH) Carlos Pimentel scores
|
Batting: SHB Ignacio Medina
|
0-0: Ball 1-0: Fly out, F7 (Flyball, 78XD, EV 94.4 MPH)
|
Batting: RHB Jeff Atherton
|
0-0: Ball Rafael Ramirez is caught stealing 2nd base 2-4
|
Bottom of the 5th over - 1 run, 1 hit, 2 errors, 0 left on base; Oakland 0 - California 2 |
TOP OF THE 6TH |
Oakland Athletics batting - Pitching for California Angels : RHP Eric Prevost
|
Batting: RHB Toby Harrah
|
0-0: Called Strike 0-1: Ball 1-1: Swinging Strike 1-2: Ball 2-2: Ground out 1-3 (Groundball, 34S, EV 68.1 MPH)
|
Batting: RHB Fred Andrews
|
0-0: Fly out, F9 (Flyball, 9LM, EV 96.3 MPH)
|
Batting: RHB Barry Foote
|
0-0: Foul Ball, location: 2F 0-1: Called Strike 0-2: Foul Ball, location: 2F 0-2: SINGLE (Groundball, 4MD, EV 108.8 MPH)
|
Batting: RHB Willie Randolph
|
0-0: Ball 1-0: Ball 2-0: SINGLE (Groundball, 3, EV 86.9 MPH) (infield hit) Barry Foote to second
|
Batting: LHB Ruppert Jones
|
0-0: Called Strike 0-1: Called Strike 0-2: Foul Ball, location: 2F 0-2: Foul Ball, location: 2F 0-2: Strikes out swinging
|
Top of the 6th over - 0 runs, 2 hits, 0 errors, 2 left on base; Oakland 0 - California 2 |
BOTTOM OF THE 6TH |
California Angels batting - Pitching for Oakland Athletics : RHP Mitch Byrnes
|
Batting: RHB Jeff Atherton
|
0-0: Fly out, F7 (Flyball, 7LM, EV 76.9 MPH)
|
Batting: SHB Jon Hernandez
|
0-0: Foul Ball, location: 2F 0-1: Foul Ball, location: 2F 0-2: Foul Ball, location: 2F 0-2: Ball 1-2: Ball 2-2: Ball 3-2: Base on Balls
|
Batting: RHB Frank White
|
0-0: Ball 1-0: Ball Passed Ball! Jon Hernandez to second 2-0: Ball 3-0: Base on Balls
|
Batting: RHB Charlie Moore
|
0-0: Called Strike 0-1: Ball 1-1: Foul Ball, location: 2F 1-2: Foul Ball, location: 2F 1-2: Fly out, F4 (Line Drive, 4, EV 65.6 MPH)
|
Batting: LHB John Milner
|
0-0: Ball 1-0: Ball 2-0: Called Strike 2-1: SINGLE (Flyball, 89M, EV 99.4 MPH) Jon Hernandez to third Frank White to second Runner from 3rd tries for Home, SAFE, throw by CF to home
|
Batting: LHB Brian Rosinski
|
0-0: Ball 1-0: Ball 2-0: Swinging Strike 2-1: Ball 3-1: Base on Balls Frank White to third John Milner to second
|
Batting: RHB Carlos Pimentel
|
0-0: Ball 1-0: Ball 2-0: Fly out, F8 (Flyball, 89S, EV 86.3 MPH)
|
Bottom of the 6th over - 1 run, 1 hit, 0 errors, 3 left on base; Oakland 0 - California 3 |
TOP OF THE 7TH |
Oakland Athletics batting - Pitching for California Angels : RHP Eric Prevost
|
Batting: LHB Ben Oglivie
|
0-0: Swinging Strike 0-1: Ball 1-1: Ground out 4-3 (Groundball, 4, EV 84.4 MPH)
|
Batting: RHB George Hendrick
|
0-0: Ground out 6-3 (Groundball, P, EV 83.8 MPH)
|
Batting: LHB Reggie Jackson
|
0-0: Ball 1-0: Called Strike 1-1: Foul Ball, location: 2F 1-2: Foul Ball, location: 2F 1-2: Foul Ball, location: 2F 1-2: SOLO HOME RUN (Flyball, 89XD, EV 97.5 MPH), Distance : 446 ft
|
Batting: RHB Willie Darkis
|
0-0: Called Strike 0-1: Foul Ball, location: 2F 0-2: Ball 1-2: Strikes out swinging
|
Top of the 7th over - 1 run, 1 hit, 0 errors, 0 left on base; Oakland 1 - California 3 |
BOTTOM OF THE 7TH |
California Angels batting - Pitching for Oakland Athletics : RHP Mitch Byrnes
|
Batting: RHB Rafael Ramirez
|
0-0: Called Strike 0-1: SINGLE (Groundball, 4MD, EV 95.0 MPH)
|
Batting: SHB Ignacio Medina
|
0-0: Sac Bunt to 15 - play at first, batter safe! Rafael Ramirez to second
|
Batting: RHB Jeff Atherton
|
0-0: Bunted foul 0-1: Sac Bunt to 5S - play at first, batter OUT! 5-4 Rafael Ramirez to third Ignacio Medina to second
|
Batting: SHB Jon Hernandez
|
0-0: Intentional Walk
|
Batting: RHB Frank White
|
0-0: Ball 1-0: Grounds into fielders choice 3-2 (Groundball, 3S, EV 74.4 MPH) Ignacio Medina to third Jon Hernandez to second
|
Batting: RHB Charlie Moore
|
0-0: Fielders Choice at 2nd, 6-4 (Groundball, 6, EV 101.9 MPH)
|
Bottom of the 7th over - 0 runs, 2 hits, 0 errors, 3 left on base; Oakland 1 - California 3 |
TOP OF THE 8TH |
Oakland Athletics batting - Pitching for California Angels : RHP Eric Prevost
|
Now at 1B: Ralph Garr
|
|
Batting: RHB Toby Harrah
|
0-0: Called Strike 0-1: SOLO HOME RUN (Flyball, 7D, EV 97.5 MPH), Distance : 398 ft
|
Pitching: RHP Jerry Reed
|
|
Batting: RHB Fred Andrews
|
0-0: Called Strike 0-1: Ground out 6-3 (Groundball, 56, EV 95.0 MPH)
|
Batting: RHB Barry Foote
|
0-0: Called Strike 0-1: Ball 1-1: Ball 2-1: SINGLE (Groundball, 56D, EV 101.9 MPH)
|
Pinch Hitting: RHB Earl C Williams
|
0-0: Ball 1-0: Called Strike 1-1: Ball 2-1: Foul Ball, location: 2F 2-2: Ball 3-2: Foul Ball, location: 2F 3-2: Foul Ball, location: 2F 3-2: Strikes out looking
|
Batting: LHB Ruppert Jones
|
0-0: Swinging Strike 0-1: Swinging Strike 0-2: Foul Ball, location: 2F 0-2: Ground out 4-3 (Groundball, 34, EV 90.6 MPH)
|
Top of the 8th over - 1 run, 2 hits, 0 errors, 1 left on base; Oakland 2 - California 3 |
BOTTOM OF THE 8TH |
California Angels batting - Pitching for Oakland Athletics : RHP Mitch Byrnes
|
Now at 3B: Earl C Williams
|
|
Batting: LHB John Milner
|
0-0: Ball 1-0: Foul Ball, location: 2F 1-1: Swinging Strike 1-2: Ground out 6-3 (Groundball, 6, EV 86.3 MPH)
|
Batting: LHB Brian Rosinski
|
0-0: Ball 1-0: Foul Ball, location: 2F 1-1: Foul Ball, location: 2F 1-2: Fly out, F9 (Flyball, 89M, EV 91.3 MPH)
|
Batting: RHB Carlos Pimentel
|
0-0: Swinging Strike 0-1: Ground out 6-3 (Groundball, 56, EV 92.5 MPH)
|
Bottom of the 8th over - 0 runs, 0 hits, 0 errors, 0 left on base; Oakland 2 - California 3 |
TOP OF THE 9TH |
Oakland Athletics batting - Pitching for California Angels : RHP Jerry Reed
|
Batting: LHB Ben Oglivie
|
0-0: Swinging Strike 0-1: Ground out U3 (Groundball, 3S, EV 66.9 MPH)
|
Batting: RHB George Hendrick
|
0-0: Ground out 4-3 (Groundball, 4, EV 105.0 MPH)
|
Batting: LHB Reggie Jackson
|
0-0: Called Strike 0-1: Ball 1-1: Ball 2-1: Ground out 6-3 (Groundball, 15, EV 80.0 MPH)
|
Top of the 9th over - 0 runs, 0 hits, 0 errors, 0 left on base; Oakland 2 - California 3 |
|